3AAA
GRYFINDOR BRAVES @ PORT ROYAL DISASTER
07/26/2022
 
TOP OF THE 1ST
Gryfindor Braves batting - Pitching for Port Royal Disaster : RHP Cipriano Costa
Pitching: RHP Cipriano Costa
Batting: RHB António Martínez 0-0: Foul Ball, location: 2F
0-1: Ball
1-1: Ground out 6-3 (Groundball, 6)
Batting: RHB Jay Parker 0-0: Ball
1-0: Foul Ball, location: 2F
1-1: Swinging Strike
1-2: Strikes out swinging
Batting: LHB Nathan Tanner 0-0: Ball
1-0: Swinging Strike
1-1: Ground out 4-3 (Groundball, 34)
Top of the 1st over - 0 run(s), 0 hit(s), 0 error(s), 0 left on base; Gryfindor 0 - Port Royal 0
BOTTOM OF THE 1ST
Port Royal Disaster batting - Pitching for Gryfindor Braves : RHP Jim Unknown
Pitching: RHP Jim Unknown
Batting: LHB Peter Paul 0-0: Called Strike
0-1: Foul Ball, location: 2F
0-2: Ground out 4-3 (Groundball, 34)
Batting: LHB Frank Wentworth 0-0: Called Strike
0-1: Ball
1-1: Swinging Strike
1-2: Strikes out swinging
Batting: RHB Iván Vega 0-0: Called Strike
0-1: Ball
1-1: Foul Ball, location: 2F
1-2: Ball
2-2: Foul Ball, location: 2F
2-2: Ground out 6-3 (Groundball, 6M)
Bottom of the 1st over - 0 run(s), 0 hit(s), 0 error(s), 0 left on base; Gryfindor 0 - Port Royal 0
TOP OF THE 2ND
Gryfindor Braves batting - Pitching for Port Royal Disaster : RHP Cipriano Costa
Batting: RHB Rafael Arredondo 0-0: Ball
1-0: Ball
2-0: Fly out, F9 (Flyball, 9M)
Batting: LHB Júlio Valentín 0-0: Called Strike
0-1: Called Strike
0-2: Ball
1-2: Ball
2-2: Ball
3-2: Strikes out looking
Batting: RHB Jim Unknown 0-0: Fly out, F4 (Popup, 34D)
Top of the 2nd over - 0 run(s), 0 hit(s), 0 error(s), 0 left on base; Gryfindor 0 - Port Royal 0
BOTTOM OF THE 2ND
Port Royal Disaster batting - Pitching for Gryfindor Braves : RHP Jim Unknown
Batting: LHB Guillermo Romero 0-0: Ball
1-0: Ball
2-0: Called Strike
2-1: Foul Ball, location: 2F
2-2: Ball
3-2: Base on Balls
Batting: LHB Jason Potter 0-0: Ball
1-0: Ball
2-0: Ball
3-0: Called Strike
3-1: Called Strike
3-2: Base on Balls
Guillermo Romero to second
Batting: LHB Nelson Sanders 0-0: Fly out, F9 (Flyball, 9M)
Batting: RHB Brandon Cooper 0-0: SINGLE (Flyball, 9LM)
Guillermo Romero to third
Jason Potter to second
Batting: RHB Javier Martínez 0-0: Ball
1-0: Foul Ball, location: 2F
1-1: Foul Ball, location: 2F
1-2: Grounds into double play, 4-6-3 (Groundball, 4)
Bottom of the 2nd over - 0 run(s), 1 hit(s), 0 error(s), 2 left on base; Gryfindor 0 - Port Royal 0
TOP OF THE 3RD
Gryfindor Braves batting - Pitching for Port Royal Disaster : RHP Cipriano Costa
Batting: SHB Alonso Márquez 0-0: Ground out 1-3 (Groundball, 3S)
Batting: RHB Jim Unknown 0-0: Called Strike
0-1: Ball
1-1: Foul Ball, location: 2F
1-2: Ground out 6-3 (Groundball, 6)
Batting: RHB Jim Unknown 0-0: Fly out, F3 (Line Drive, 34)
Top of the 3rd over - 0 run(s), 0 hit(s), 0 error(s), 0 left on base; Gryfindor 0 - Port Royal 0
BOTTOM OF THE 3RD
Port Royal Disaster batting - Pitching for Gryfindor Braves : RHP Jim Unknown
Batting: LHB Javier Sánchez 0-0: Called Strike
0-1: Ball
1-1: Swinging Strike
1-2: Strikes out swinging
Batting: LHB Peter Paul 0-0: Ball
1-0: Foul Ball, location: 2F
1-1: Swinging Strike
1-2: Ball
2-2: Foul Ball, location: 2F
2-2: Ball
3-2: Base on Balls
Batting: LHB Frank Wentworth 0-0: Fly out, F7 (Flyball, 7D)
Batting: RHB Iván Vega 0-0: Ball
1-0: Swinging Strike
1-1: Swinging Strike
1-2: Strikes out swinging
Bottom of the 3rd over - 0 run(s), 0 hit(s), 0 error(s), 1 left on base; Gryfindor 0 - Port Royal 0
TOP OF THE 4TH
Gryfindor Braves batting - Pitching for Port Royal Disaster : RHP Cipriano Costa
Batting: RHB António Martínez 0-0: Swinging Strike
0-1: Fly out, F9 (Flyball, 89D)
Batting: RHB Jay Parker 0-0: Ball
1-0: Called Strike
1-1: Swinging Strike
1-2: Foul Ball, location: 2F
1-2: Fly out, F3 (Popup, 3L)
Batting: LHB Nathan Tanner 0-0: Ball
1-0: Ball
2-0: Ball
3-0: Called Strike
3-1: Called Strike
3-2: Foul Ball, location: 2F
3-2: Ground out U3 (Groundball, 3L)
Top of the 4th over - 0 run(s), 0 hit(s), 0 error(s), 0 left on base; Gryfindor 0 - Port Royal 0
BOTTOM OF THE 4TH
Port Royal Disaster batting - Pitching for Gryfindor Braves : RHP Jim Unknown
Batting: LHB Guillermo Romero 0-0: Ball
1-0: Ball
2-0: Ball
3-0: Base on Balls
Batting: LHB Jason Potter 0-0: Fly out, F7 (Flyball, 78D)
Batting: LHB Nelson Sanders 0-0: Swinging Strike
0-1: Swinging Strike
0-2: Ball
1-2: Ball
2-2: Foul Ball, location: 2F
2-2: Foul Ball, location: 2F
2-2: Ball
3-2: Fly out, F9 (Line Drive, 9LS)
Batting: RHB Brandon Cooper 0-0: SINGLE (Groundball, 56D)
Guillermo Romero to second
Batting: RHB Javier Martínez 0-0: Fly out, F9 (Flyball, 9LM)
Bottom of the 4th over - 0 run(s), 1 hit(s), 0 error(s), 2 left on base; Gryfindor 0 - Port Royal 0
TOP OF THE 5TH
Gryfindor Braves batting - Pitching for Port Royal Disaster : RHP Cipriano Costa
Batting: RHB Rafael Arredondo 0-0: Called Strike
0-1: Ground out 6-3 (Groundball, 6)
Batting: LHB Júlio Valentín 0-0: Swinging Strike
0-1: Ball
1-1: Ball
2-1: Foul Ball, location: 2F
2-2: Ball
3-2: Strikes out swinging
Batting: RHB Jim Unknown 0-0: Ball
1-0: Called Strike
1-1: Fly out, F9 (Flyball, 9D)
Top of the 5th over - 0 run(s), 0 hit(s), 0 error(s), 0 left on base; Gryfindor 0 - Port Royal 0
BOTTOM OF THE 5TH
Port Royal Disaster batting - Pitching for Gryfindor Braves : RHP Jim Unknown
Batting: LHB Javier Sánchez 0-0: Ball
1-0: Called Strike
1-1: Foul Ball, location: 2F
1-2: Fly out, F9 (Flyball, 9D)
Batting: LHB Peter Paul 0-0: Ball
1-0: Ball
2-0: Swinging Strike
2-1: Ball
3-1: Fly out, F8 (Flyball, 89M)
Batting: LHB Frank Wentworth 0-0: Ball
1-0: Ball
2-0: Called Strike
2-1: Foul Ball, location: 2F
2-2: Ball
3-2: Strikes out swinging
Bottom of the 5th over - 0 run(s), 0 hit(s), 0 error(s), 0 left on base; Gryfindor 0 - Port Royal 0
TOP OF THE 6TH
Gryfindor Braves batting - Pitching for Port Royal Disaster : RHP Cipriano Costa
Batting: SHB Alonso Márquez 0-0: Ground out 4-3 (Groundball, 4M)
Batting: RHB Jim Unknown 0-0: Ball
1-0: Called Strike
1-1: Swinging Strike
1-2: Foul Ball, location: 2F
1-2: Strikes out swinging
Batting: RHB Jim Unknown 0-0: Foul Ball, location: 2F
0-1: Ground out 5-3 (Groundball, 5S)
Top of the 6th over - 0 run(s), 0 hit(s), 0 error(s), 0 left on base; Gryfindor 0 - Port Royal 0
BOTTOM OF THE 6TH
Port Royal Disaster batting - Pitching for Gryfindor Braves : RHP Jim Unknown
Batting: RHB Iván Vega 0-0: Called Strike
0-1: SINGLE (Flyball, 8RS)
Batting: LHB Guillermo Romero 0-0: Ball
1-0: Swinging Strike
1-1: Ball
2-1: Foul Ball, location: 2F
2-2: Foul Ball, location: 2F
2-2: Ball
3-2: DOUBLE (Line Drive, 9LD)
Iván Vega to third
Runner from 3rd tries for Home, SAFE, no throw or cutoff
Batting: LHB Jason Potter 0-0: Intentional Walk
Batting: LHB Nelson Sanders 0-0: Called Strike
0-1: Ball
1-1: Bunt - Flyout! F1
Batting: RHB Brandon Cooper 0-0: Ball
1-0: DOUBLE (Flyball, 9LS)
Guillermo Romero scores
Jason Potter to third
Batting: RHB Javier Martínez 0-0: Ball
1-0: Ball
2-0: Fly out, F9 (Flyball, 89M)
Runner from 3rd tags up, OUT at HOME
Bottom of the 6th over - 2 run(s), 3 hit(s), 0 error(s), 1 left on base; Gryfindor 0 - Port Royal 2
TOP OF THE 7TH
Gryfindor Braves batting - Pitching for Port Royal Disaster : RHP Cipriano Costa
Batting: RHB António Martínez 0-0: Ball
1-0: Called Strike
1-1: Ball
2-1: Ball
3-1: Base on Balls
Batting: RHB Jay Parker 0-0: Ball
1-0: Grounds into double play, 1-6-3 (Groundball, 13)
Batting: LHB Nathan Tanner 0-0: Foul Ball, location: 2F
0-1: Ground out 4-3 (Groundball, 4)
Top of the 7th over - 0 run(s), 0 hit(s), 0 error(s), 0 left on base; Gryfindor 0 - Port Royal 2
BOTTOM OF THE 7TH
Port Royal Disaster batting - Pitching for Gryfindor Braves : RHP Jim Unknown
Batting: LHB Javier Sánchez 0-0: Foul Ball, location: 2F
0-1: Swinging Strike
0-2: Strikes out swinging
Batting: LHB Peter Paul 0-0: Called Strike
0-1: Ball
1-1: Foul Ball, location: 2F
1-2: Foul Ball, location: 2F
1-2: Ball
2-2: Foul Ball, location: 2F
2-2: DOUBLE (Groundball, 3D)
Batting: LHB Frank Wentworth 0-0: Ball
1-0: Ball
2-0: Called Strike
2-1: Ball
3-1: Swinging Strike
3-2: Strikes out looking
Batting: RHB Iván Vega 0-0: Ball
1-0: Ball
2-0: DOUBLE (Line Drive, 5L)
Peter Paul scores
Batting: LHB Guillermo Romero 0-0: Ball
1-0: Ball
2-0: Ball
3-0: Called Strike
3-1: Foul Ball, location: 2F
3-2: Base on Balls
Pitching: RHP Gabe Stephenson
Batting: LHB Jason Potter 0-0: Ball
1-0: Swinging Strike
1-1: Swinging Strike
1-2: Foul Ball, location: 2F
1-2: Ball
2-2: Ball
3-2: Base on Balls
Iván Vega to third
Guillermo Romero to second
Batting: LHB Nelson Sanders 0-0: Ball
1-0: Swinging Strike
1-1: Called Strike
1-2: Ball
2-2: Fly out, F9 (Line Drive, 9M)
Bottom of the 7th over - 1 run(s), 2 hit(s), 0 error(s), 3 left on base; Gryfindor 0 - Port Royal 3
TOP OF THE 8TH
Gryfindor Braves batting - Pitching for Port Royal Disaster : RHP Cipriano Costa
Batting: RHB Rafael Arredondo 0-0: Fly out, F5 (Popup, 5SF)
Batting: LHB Júlio Valentín 0-0: Called Strike
0-1: Ball
1-1: Called Strike
1-2: Foul Ball, location: 2F
1-2: Ball
2-2: Foul Ball, location: 2F
2-2: Ball
3-2: Foul Ball, location: 2F
3-2: Base on Balls
Batting: RHB Jim Unknown 0-0: Called Strike
0-1: Ball
1-1: Swinging Strike
1-2: Grounds into double play, 4-6-3 (Groundball, 34)
Top of the 8th over - 0 run(s), 0 hit(s), 0 error(s), 0 left on base; Gryfindor 0 - Port Royal 3
BOTTOM OF THE 8TH
Port Royal Disaster batting - Pitching for Gryfindor Braves : RHP Gabe Stephenson
Batting: RHB Brandon Cooper 0-0: Hit by Pitch
Batting: RHB Javier Martínez 0-0: Bunt missed!
0-1: Bunt missed!
0-2: Ball
1-2: Fly out, F9 (Flyball, 9S)
Batting: LHB Javier Sánchez 0-0: Ball
1-0: Swinging Strike
1-1: Ball
2-1: Foul Ball, location: 2F
2-2: Ball
3-2: Base on Balls
Brandon Cooper to second
Batting: LHB Peter Paul 0-0: Fly out, F7 (Line Drive, 7LM)
Batting: LHB Frank Wentworth 0-0: Fly out, F6 (Popup, 56)
Bottom of the 8th over - 0 run(s), 0 hit(s), 0 error(s), 2 left on base; Gryfindor 0 - Port Royal 3
TOP OF THE 9TH
Gryfindor Braves batting - Pitching for Port Royal Disaster : RHP Cipriano Costa
Batting: SHB Alonso Márquez 0-0: Foul Ball, location: 2F
0-1: Ball
1-1: Reached on error, E5 (Groundball, 56S)
Batting: RHB Jim Unknown 0-0: Ball
1-0: Ball
2-0: Called Strike
2-1: Ball
3-1: Foul Ball, location: 2F
3-2: Reached on error, E5 (Groundball, 5)
Alonso Márquez to third
Batting: RHB Jim Unknown 0-0: Called Strike
0-1: Called Strike
0-2: Fly out, F8 (Flyball, 8LD)
Runner from 3rd tags up, SCORES, no throw
Pitching: LHP António Venegas
Batting: RHB António Martínez 0-0: SINGLE (Groundball, 5D)
Jim Unknown to second
Batting: RHB Jay Parker 0-0: Ball
1-0: Fly out, F7 (Flyball, 78D)
Batting: LHB Nathan Tanner 0-0: Swinging Strike
0-1: Ball
1-1: Ball
2-1: Ball
3-1: Fly out, F8 (Flyball, 8LD)
Top of the 9th over - 1 run(s), 1 hit(s), 2 error(s), 2 left on base; Gryfindor 1 - Port Royal 3
This league is powered by Out of the Park Baseball, the baseball management simulation game for PC, Mac and Linux
Friday, April 15th, 2016 - OOTP Baseball 16.9 Build 39